[Event "*** Titled Tuesday Blitz"]
[Site "Chess.com"]
[Date "2020.05.05"]
[Round "6"]
[White "yamalchess"]
[Black "guillembaches"]
[Result "1-0"]
[WhiteElo "2556"]
[BlackElo "2421"]
[TimeControl "180+1"]
[EndTime "11:09:03 PDT"]
[Termination "yamalchess won by checkmate"]

1. d4 Nf6 2. c4 e6 3. Nc3 Bb4 4. Nf3 Bxc3+ 5. bxc3 b6 6. g3 Bb7 7. Bg2 O-O 8. O-O d6 9. d5 e5 10. Nh4 Nbd7 11. e4 a5 12. Nf5 Ba6 13. Qe2 g6 14. Nh6+ Kg7 15. f4 Ng8 16. Nxg8 Kxg8 17. f5 f6 18.
fxg6 hxg6 19. Bh3 Kg7 20. Be3 Nc5 21. Bg2 Qd7 22. Rf2 Qa4 23. h4 Qxc4 24. Qg4 Bc8 25. Qf3 Bd7 26. h5 g5 27. Raf1 g4 28. h6+ Kg6 29. Qd1 Qd3 30. Qc1 Rf7 31. Rd1 Qc4 32.
Bf1 Qa4 33. Bg2 Raf8 34. Qb1 Bc8 35. Rdf1 Ba6 36. Rd1 Qc4 37. Bf1 Qa4 38. Bxc5 Bxf1 39. Bxd6 Bh3 40. Bxf8 Rxf8 41. Re1 Qc4 42. Qc1 Qd3 43.
Qe3 Qb5 44. Qe2 Qd7 45. Rh2 Rh8 46. c4 Rxh6 47. Qf2 Qd6 48. Qf5+ Kg7 49. Ree2 Qc5+ 50. Ref2 Qxc4 51. Qd7+ Kg6 52. Qe8+ Kg7 53. Qe7+ Kg6 54.
Qe8+ Kg7 55. Qe7+ Kg6 56. Rxf6+ Kh5 57. Qf7+ Kg5 58. Rf5# 1-0

[Event "*** Titled Tuesday Blitz"]
[Site "Chess.com"]
[Date "2020.05.05"]
[Round "6"]
[White "djano"]
[Black "ajdemipopushi"]
[Result "1/2-1/2"]
[WhiteElo "2429"]
[BlackElo "2281"]
[TimeControl "180+1"]
[EndTime "11:09:04 PDT"]
[Termination "Game drawn by stalemate"]

1. d4 Nf6 2. Bf4 c5 3. e3 g6 4. Nf3 Bg7 5. c3 b6 6. Nbd2 Bb7 7. dxc5 bxc5 8. Qb3 Bd5 9. Bc4 Bxc4 10. Qxc4 d6 11. O-O O-O 12. a4 Nc6 13. h3 Rb8 14.
Rab1 Nd7 15. Qe4 Qc7 16. Bh2 Nb6 17. Nc4 Nxc4 18. Qxc4 Na5 19. Qh4 Nb3 20. Rfd1 Rb7 21. Qc4 Qc6 22. e4 Na5 23. Qd5 Qxd5 24. exd5 Rfb8 25.
b4 cxb4 26. cxb4 Rxb4 27. Rbc1 Bf6 28. Nd2 Nb3 29. Nxb3 Rxb3 30. Bf4 Kg7 31. Be3 R8b7 32. Rc6 Ra3 33. Ra6 Rb4 34. a5 Rba4 35. Rxa7 Rxa5 36.
Rxa5 Rxa5 37. g3 Ra1 38. Rxa1 Bxa1 39. Kg2 f5 40. f4 Kf7 41. Kf3 Ke8 42. g4 Kd7 43.
gxf5 gxf5 44. Ke2 Bf6 45. Kd3 e6 46. dxe6+ Kxe6 47. Bb6 Kd5 48. Be3 Bd8 49. Bf2 Ba5 50. Bh4 Bb4 51. Bf6 Bc5 52. Bg7 Ba3 53. Bc3 Bc1 54. Ke2 Bxf4 55. Kf3 Be5 56. Bd2 Kc4 57. h4 d5 58. Ke2 Kd4 59. Bc1 Ke4 60. h5 d4 61. h6 d3+ 62. Kd1 Bc3 63. Bg5 Kf3 64.
Bf6 f4 65. Bxc3 Kg2 66. Kd2 f3 67. Bd4 f2 68. Bxf2 Kxf2 69. Kxd3 Kf3 70. Kd2 Kf4 71. Ke1 Kg5 72. Kf1 Kxh6 73. Kg1 Kg5 74. Kh1 Kh4 75. Kg1 Kh3 76. Kh1 h6 77. Kg1 h5 78.
Kh1 h4 79. Kg1 Kg3 80. Kh1 h3 81. Kg1 h2+ 82. Kh1 Kh3 1/2-1/2

[Event "*** Titled Tuesday Blitz"]
[Site "Chess.com"]
[Date "2020.05.05"]
[Round "6"]
[White "AlexTriapishko"]
[Black "louis198"]
[Result "1-0"]
[WhiteElo "2752"]
[BlackElo "2543"]
[TimeControl "180+1"]
[EndTime "11:09:05 PDT"]
[Termination "AlexTriapishko won by resignation"]

1. Nf3 d5 2. g3 e6 3. Bg2 g6 4. O-O Bg7 5. d4 Ne7 6. c4 O-O 7. Nc3 Nbc6 8. e3 a5 9. b3 b6 10. cxd5 exd5 11. Bb2 Ba6 12. Re1 Nb4 13. Bf1 Bxf1 14.
Kxf1 Qc8 15. Kg2 Qa6 16. Qe2 Nd3 17. Red1 Nxb2 18. Qxb2 Rfe8 19. Rac1 c6 20. Qe2 Qb7 21. Nh4 Bf6 22. Nf3 Nf5 23. Qd3 Nd6 24. h4 Re6 25.
Re1 Rae8 26. Rc2 h5 27. Rce2 Ne4 28. Qc2 c5 29. Na4 Be7 30. Rd1 Rc8 31. Rc1 c4 32.
Nd2 Ba3 33. Rb1 Bb4 34. Nxe4 Rxe4 35. bxc4 dxc4 36. Kg1 b5 37. Nc3 Re6 38. Nd1 Qd5 39. a3 Bxa3 40. Nc3 Qf3 41. Rxb5 Bb4 42. Nb1 c3 43. Rg5 Rd8 44. d5 Rxd5 45. Rxd5 Qxd5 46.
Nxc3 Qc4 47. Nb1 Qxc2 48. Rxc2 Rd6 49. Rb2 Kg7 50. Kg2 Rd1 51. Kf3 Kf6 52. Ke2 Ke6 53.
Kxd1 Kd5 54. Rc2 a4 55. Nd2 a3 56. Nb3 Ke4 57. Nc1 Bd6 58. Na2 Kf3 59. Ke1 Be7 60.
Kf1 Bf6 61. Rc4 Bb2 62. Ra4 g5 63. hxg5 Be5 64. Rxa3 Kg4 65. Ra4+ Kf5 66. Nb4 1-0

[Event "*** Titled Tuesday Blitz"]
[Site "Chess.com"]
[Date "2020.05.05"]
[Round "6"]
[White "PavlovDanila"]
[Black "Redbandit87"]
[Result "1/2-1/2"]
[WhiteElo "2686"]
[BlackElo "2454"]
[TimeControl "180+1"]
[EndTime "11:09:05 PDT"]
[Termination "Game drawn by agreement"]

1. e4 d5 2. exd5 Qxd5 3. Nc3 Qd8 4. d4 Nf6 5. Nf3 a6 6. Bd3 b5 7. Qe2 Bb7 8. Ne4 Nxe4 9. Bxe4 Bxe4 10. Qxe4 Nd7 11.
Ne5 Nxe5 12. dxe5 Rb8 13. e6 fxe6 14. Qxe6 Rb6 15. Qe4 Qd7 16. Be3 Re6 17. Qa8+ Kf7 18. O-O g6 19. Rad1 Qc6 20. Rd8 Qxa8 21. Rxa8 Bg7 22.
Rxh8 Bxh8 23. b3 Rd6 24. Rc1 Bc3 25. Kf1 e5 26. Ke2 Ke6 27. Rd1 Rxd1 28. Kxd1 Kd5 29. Ke2 e4 30. g4 c5 31. h3 Be5 32. f3 Bd4 33. Bd2 exf3+ 34. Kxf3 Be5 35. h4 Bf6 36. h5 gxh5 37. gxh5 c4 38. Kf4 Ke6 39. Ke4 cxb3 40. axb3 Bg7 41. c4 bxc4 42. bxc4 Bf6 43. c5 Be7 44. c6 Bd6 45. Ba5 Bg3 46. Kf3 Bh4 47. Kf4 Be7 48. Ke4 Bd6 49. Bb6 Bf8 50. Kd4 Bg7+ 51. Kc4 Bf8 52. Kb3 Bg7 53. Ka4 Kd6 54. c7 Kd7 55. Ka5 Be5 56. Kxa6 Bxc7 57. Be3 Ke6 58. Kb5 Kf5 59. Kc6 Bf4 60. Bf2 Kg5 61. Kd5 Kxh5 62. Ke4 Kg4 63. Bd4 h5 64. Bf6 Bg3 65. Be7 Be1 66. Bf6 Bd2 67. Be7 Bc3 68.
Bd8 Bb4 69. Bf6 Bd2 70. Be7 Bc3 71.
Bd8 Be1 72. Be7 Bh4 73. Bxh4 Kxh4 74. Kf4 Kh3 75. Kf3 h4 76. Kf2 Kh2 77. Kf1 Kg3 78. Kg1 1/2-1/2

[Event "*** Titled Tuesday Blitz"]
[Site "Chess.com"]
[Date "2020.05.05"]
[Round "6"]
[White "praveenb2002"]
[Black "serhanberat_ozdemir"]
[Result "1/2-1/2"]
[WhiteElo "2729"]
[BlackElo "2498"]
[TimeControl "180+1"]
[EndTime "11:09:06 PDT"]
[Termination "Game drawn - insufficient material"]

1. e4 c5 2. Nf3 e6 3. d4 cxd4 4. Nxd4 a6 5. Bd3 Bc5 6. Nb3 Ba7 7. O-O Nc6 8. Qe2 Qc7 9. Be3 Nf6 10. Bxa7 Rxa7 11.
c4 d6 12. Nc3 O-O 13. f4 b6 14.
Rae1 Nd7 15. Nd2 Bb7 16. a3 Raa8 17. Kh1 Rad8 18. Rf3 Nd4 19. Qf2 Nxf3 20. Nxf3 Rfe8 21. Qh4 Nf8 22. Nd2 Ng6 23. Qf2 d5 24. exd5 exd5 25.
Rxe8+ Rxe8 26. Bxg6 hxg6 27. cxd5 Rd8 28. Qd4 Qc5 29. Qxc5 bxc5 30. Nde4 c4 31. Nc5 Bxd5 32. Nxa6 Ba8 33. Nc7 Bb7 34. Kg1 Rd2 35. g3 Rxb2 36. a4 Rg2+ 37. Kf1 Rxh2 38. a5 Rh1+ 39. Ke2 Ra1 40. Ke3 Rxa5 41. Kd4 Ra1 42. N7b5 Rg1 43. Nd6 Bc6 44. Ne2 Rg2 45. Ke3 c3 46. Nxc3 Rxg3+ 47. Kd4 f6 48. Ne2 Rg2 49. Ke3 Rxe2+ 50. Kxe2 Kf8 51. Kf2 Ke7 52. Nc4 Ke6 53. Ne3 Be4 54.
Kg3 Kd6 55. Kf2 Kc5 56. Ke2 Kd4 57. Kd2 g5 58. fxg5 f5 59. Ke2 f4 60. Ng4 Kd5 61. Kf2 Ke6 62. Nh2 Kf5 63. Nf1 Kxg5 64.
Nd2 Kf5 65. Nc4 g5 66. Nd6+ Ke5 67. Nf7+ Kf6 68. Nd6 Bd5 69. Nb5 g4 70. Nc3 Kg5 71.
Nxd5 g3+ 72. Kf3 Kh4 73. Nxf4 g2 74. Nxg2+ 1/2-1/2

[Event "*** Titled Tuesday Blitz"]
[Site "Chess.com"]
[Date "2020.05.05"]
[Round "6"]
[White "agrigo3"]
[Black "Sanyura"]
[Result "0-1"]
[WhiteElo "2320"]
[BlackElo "2484"]
[TimeControl "180+1"]
[EndTime "11:09:07 PDT"]
[Termination "Sanyura won on time"]

1. d4 Nf6 2. Nf3 g6 3. c4 d6 4. Nc3 Bg7 5. e4 O-O 6. Be2 e5 7. dxe5 dxe5 8. Qxd8 Rxd8 9. Nd5 Nxd5 10. cxd5 c6 11.
Bc4 b5 12. Bb3 h6 13. Be3 a5 14. a3 Bb7 15. O-O-O cxd5 16. Bxd5 Nc6 17. Kb1 b4 18. a4 Rd7 19. Nd2 Nd4 20. Bxb7 Rxb7 21. Nc4 Rc7 22. b3 Nxb3 23. Nb6 Rb8 24. Nd5 Rcb7 25.
Kb2 Nd4 26. Bxd4 exd4 27. Rd3 f5 28. f3 Re8 29. Re1 Rd7 30. Nb6 Rc7 31. Nd5 Rd7 32.
Nb6 Rd6 33. Nc4 Rc6 34. Nxa5 Ra6 35. Nc4 Rxa4 36. e5 b3 37. Kxb3 Ra7 38. Nd6 Rb8+ 39. Kc4 Ra4+ 40. Kd5 Rbb4 41. f4 Ra5+ 42. Ke6 Bf8 43. Rc1 Ra8 44. Rc7 Rd8 45. Rd7 Rdb8 46. Rc7 Ra4 47. Rc8 Rb6 48. Re8 Kg7 49. g3 Rb1 50. h4 Rc1 51. Rc8 Rb1 52. Rc7+ Kg8 53.
Ne8 Rb6+ 54. Nd6 Rab4 55. Rc8 Ra4 56. Rc7 Rba6 57. Rc8 Ra7 58. Rc6 R4a5 59. Rc8 Re7+ 60. Kf6 Ra6 61. Kxg6 Rg7+ 62. Kh5 Kh7 63. Nxf5 Rf7 64.
Nd6 Bxd6 65. exd6 Rg7 66. f5 Ra5 0-1

[Event "*** Titled Tuesday Blitz"]
[Site "Chess.com"]
[Date "2020.05.05"]
[Round "6"]
[White "CarlssonLudvig"]
[Black "Misticpikachu"]
[Result "1-0"]
[WhiteElo "2458"]
[BlackElo "2299"]
[TimeControl "180+1"]
[EndTime "11:09:10 PDT"]
[Termination "CarlssonLudvig won by resignation"]

1. e4 c5 2. Nf3 Nc6 3. d4 cxd4 4. Nxd4 Nf6 5. Nc3 e6 6. g3 Bb4 7. Bg2 O-O 8. O-O d5 9. exd5 Nxd5 10. Nxd5 exd5 11.
Be3 Qf6 12. c3 Bc5 13. Nc2 Bxe3 14. fxe3 Qg5 15. Qxd5 Qxd5 16. Bxd5 Bh3 17. Rfd1 Ne5 18. Nd4 Rad8 19. Nf3 Rxd5 20. Rxd5 Nxf3+ 21. Kf2 Be6 22.
Rb5 Nxh2 23. Rxb7 Ng4+ 24. Ke2 a6 25. Rd1 Re8 26. Rd4 Nxe3 27. Re7 Bg4+ 28. Kd3 Bf5+ 29. Ke2 Bg4+ 30. Kf2 Rb8 31. Kxe3 h5 32. b4 Rc8 33. c4 Kf8 34. Re5 f6 35. Ree4 Kf7 36. c5 g5 37. Kf2 Kg6 38. Re7 Rb8 39. a3 a5 40.
c6 axb4 41. axb4 Ra8 42. c7 Ra2+ 43. Ke1 Ra1+ 44. Kd2 Rd1+ 45. Kc3 Rc1+ 46. Kb2 Rc6 47. Rd8 h4 48. gxh4 gxh4 49. Rg8+ Kf5 50. c8=Q+ Rxc8 51.
Rxc8 Kf4 52. Rh7 Bxc8 53. Rxh4+ Ke5 54. Rh8 Bd7 55. Kc3 f5 56. Rf8 f4 57. Rd8 Bc6 58. Rc8 Bd5 59. Rf8 Ke4 60. Re8+ Kf3 61. Kd3 Kg3 62. Kd4 Bg2 63. Rg8+ Kf2 64. Rf8 f3 65.
Kd3 Kg3 66. Ke3 Kh2 67. Kf2 Kh3 68. Rxf3+ Kg4 69. Rg3+ Kf4 70. Rxg2 Ke5 71. Rg3 1-0

[Event "*** Titled Tuesday Blitz"]
[Site "Chess.com"]
[Date "2020.05.05"]
[Round "6"]
[White "mbachez"]
[Black "Rafael_Ventura"]
[Result "1-0"]
[WhiteElo "2445"]
[BlackElo "2284"]
[TimeControl "180+1"]
[EndTime "11:09:11 PDT"]
[Termination "mbachez won by resignation"]

1. e4 e5 2. Nf3 Nc6 3. Bb5 a6 4. Ba4 Nf6 5. d3 b5 6. Bb3 Bc5 7. a4 Rb8 8. c3 O-O 9. h3 d6 10. O-O h6 11. Nbd2 Bb7 12. Re1 Bb6 13. Nf1 Ne7 14. Ng3 Ng6 15. axb5 axb5 16. Nf5 Re8 17. Be3 c5 18. Qc1 h5 19. Bh6 c4 20. Bxg7 Nf4 21.
dxc4 Nxe4 22. cxb5 Bxf2+ 23. Kh1 Bxe1 24. Qxe1 Qd7 25. N3h4 Nxh3 26. Bf6 Nf4 27. Nh6+ Kh7 28. Bxf7 Nxf6 29. Ra7 Qh3+ 30. Kg1 Nxg2 31. Qb1+ e4 32. Nxg2 Kxh6 33. Qc1+ Kg7 34. Bxe8 Nxe8 35. Qg5+ Kf8 36. Nf4 Qg4+ 37. Qxg4 hxg4 38. Kf2 Ke7 39. c4 Nf6 40. Ke3 Kd8 41. Ne6+ Kd7 42. Nd4 Kc8 43. b4 Nh5 44. c5 dxc5 45. bxc5 g3 46. c6 g2 47. Kf2 Nf4 48. b6 Bxc6 49. Rc7+ Kd8 50. Nxc6+ Ke8 51. Nxb8 g1=Q+ 52. Kxg1 Nd5 53. Rc5 Nxb6 54. Re5+ Kf7 55. Rxe4 Nd5 56. Nc6 Nc3 57. Ne5+ Ke6 58. Re3 Kd5 59.
Nd3 Kd4 60. Rh3 Nd5 61. Kf2 Nf6 62. Ne1 Kd5 63. Ke2 Ke5 64. Re3+ Kd5 65. Nd3 Ng4 66. Rg3 Nf6 67. Rg5+ Ke4 68. Re5+ Kd4 69. Rf5 Ng4 70.
Rf4+ Kd5 71. Rxg4 Ke6 72. Rf4 Kd5 73. Ke3 Ke6 74. Re4+ Kd5 75. Nf2 Kd6 76. Ng4 Kd7 77. Nf6+ Kd6 78. Kd4 Kc7 79. Re6 1-0

[Event "*** Titled Tuesday Blitz"]
[Site "Chess.com"]
[Date "2020.05.05"]
[Round "6"]
[White "Nikithebest"]
[Black "FeketeBarika"]
[Result "1-0"]
[WhiteElo "2447"]
[BlackElo "2287"]
[TimeControl "180+1"]
[EndTime "11:09:13 PDT"]
[Termination "Nikithebest won by resignation"]

1. e4 e6 2. Qe2 d5 3. exd5 Qxd5 4.
Nc3 Qd8 5. d4 Nf6 6. Bg5 Be7 7.
O-O-O O-O 8. h4 Nbd7 9. Nf3 c6 10. Ne5 Nd5 11. Bxe7 Qxe7 12. Ne4 N7f6 13. g4 Nxe4 14. Qxe4 c5 15. g5 Bd7 16. Bd3 f5 17. gxf6 Nxf6 18.
Qe3 cxd4 19. Qxd4 Rad8 20. Qe3 Nd5 21. Qg3 Nf4 22. Rhg1 Nxd3+ 23. Rxd3 Bc6 24. Rxd8 Rxd8 25. Nxc6 bxc6 26. h5 h6 27. b3 Kh8 28. Kb2 Qf6+ 29. Kb1 Rd2 30. f4 a5 31. Qe3 Rh2 32. Qc5 Kh7 33. Qxc6 Rxh5 34. Qe4+ Rf5 35. a4 Kh8 36. Rf1 e5 37. Qa8+ Kh7 38. Qe4 Qg6 39. Qd5 exf4 40. Qd3 f3 41. Rxf3 Rxf3 42. Qxf3 Qf6 43. Qe4+ g6 44.
Qb7+ Qg7 45. Qb5 Qc7 46. c4 h5 47. c5 h4 48. c6 Qf4 49. Qb7+ Kh6 50. c7 Qf5+ 51.
Kb2 Qf2+ 52. Kc3 Qe3+ 53. Kc4 Qf4+ 54. Kb5 Qe5+ 55. Ka6 Qd6+ 56. Ka7 Qc5+ 57. Ka8 h3 58. c8=Q Qh5 59. Qh8+ Kg5 60. Qxh5+ Kxh5 61. Qh1 Kh4 62. Kb7 g5 63. Kb6 g4 64. Kxa5 g3 65. Qe4+ Kh5 66. Qf5+ Kh4 67. Qf4+ Kh5 68. Qxg3 1-0

[Event "*** Titled Tuesday Blitz"]
[Site "Chess.com"]
[Date "2020.05.05"]
[Round "6"]
[White "DrBergerBerger"]
[Black "vinniethepooh"]
[Result "1-0"]
[WhiteElo "2506"]
[BlackElo "2668"]
[TimeControl "180+1"]
[EndTime "11:09:14 PDT"]
[Termination "DrBergerBerger won by resignation"]

1. e4 c5 2. Nc3 d6 3. d4 cxd4 4. Qxd4 Nc6 5. Qd2 g6 6. b3 Bg7 7. Bb2 Nf6 8. O-O-O O-O 9. f3 Qa5 10. Kb1 e5 11. Bc4 Rd8 12. Nge2 Be6 13. Nd5 Qxd2 14. Rxd2 Bxd5 15. Bxd5 Nxd5 16. Rxd5 Ne7 17. Rd3 Rac8 18.
Rhd1 Rc6 19. c4 f5 20. Nc3 a6 21. Ba3 Nc8 22. Nd5 Kf7 23. h3 Bf8 24. g4 f4 25. h4 h6 26. Rh1 Ke6 27. h5 g5 28.
Rhd1 Nb6 29. c5 Nc8 30. b4 Rd7 31. Bb2 dxc5 32. Nxf4+ gxf4 33. Rxd7 Rd6 34. R7xd6+ Bxd6 35. bxc5 Bxc5 36. Rc1 b6 37. Ba3 Kd6 38. Bxc5+ bxc5 39.
Rd1+ Ke6 40. Rd8 Nd6 41. Ra8 Nf7 42. Rxa6+ Ke7 43. Kc2 Ng5 44. Rxh6 Nxf3 45. Rg6 Nd4+ 46. Kd3 f3 47. Ke3 c4 48. Rg7+ Kd6 49. h6 c3 50. Rg8 Kd7 51. h7 c2 52. Rd8+ Kxd8 53.
h8=Q+ Kd7 54. Qh7+ Kd6 55. Qh1 Kc5 56. Qc1 Kc4 57. g5 Kc3 58. g6 Ne2 59. Qd2+ Kb2 60. Kxf3 Nd4+ 61. Kg4 Ne6 62. a4 Kb1 63. a5 c1=Q 64.
Qxc1+ Kxc1 65. Kf5 Nd4+ 66. Kxe5 Nc6+ 67. Kf6 Nxa5 68.
g7 1-0

[Event "*** Titled Tuesday Blitz"]
[Site "Chess.com"]
[Date "2020.05.05"]
[Round "6"]
[White "SharapovEvgeny"]
[Black "vanea_03"]
[Result "0-1"]
[WhiteElo "2374"]
[BlackElo "2646"]
[TimeControl "180+1"]
[EndTime "11:09:14 PDT"]
[Termination "vanea_03 won on time"]

1. e4 e5 2. Nf3 Nc6 3. Bb5 a6 4. Ba4 Nf6 5. O-O Bc5 6. Nxe5 Nxe5 7. d4 b5 8. Bb3 Bxd4 9. Qxd4 d6 10. c3 c5 11. Qe3 O-O 12. Nd2 Bb7 13. Bc2 Re8 14.
Qg3 Ng6 15. Rd1 Qe7 16. f3 d5 17. exd5 Bxd5 18. Nf1 Rad8 19. Be3 Bc4 20. Rxd8 Rxd8 21. Re1 Bxf1 22. Kxf1 Qe6 23. b3 Qc6 24. Qf2 Rc8 25.
Rd1 Ne7 26. c4 bxc4 27. bxc4 Qe6 28. Bb3 Nf5 29. Re1 Qd6 30. Kg1 Nxe3 31. Qxe3 h6 32.
Qe5 Qd2 33. Qe2 Qd4+ 34. Qf2 Qxf2+ 35. Kxf2 Kf8 36. Re5 Ne8 37. h4 Nd6 38. g4 a5 39.
g5 hxg5 40. hxg5 a4 41. Bxa4 Nxc4 42. Re2 Nb6 43. Bb5 c4 44. Rc2 c3 45. Ke3 Ke7 46. Kd4 Rd8+ 47. Kxc3 Rd5 48. a4 Rxg5 49. Kb3 Nd5 50. a5 Kd6 51. a6 Ne3 52. Rd2+ Kc7 53. Be2 Ra5 54. Kb4 Ra1 55. Rd3 Nf5 56. Rc3+ Kb8 57.
Kc5 Ne7 58. Bc4 Ra5+ 59. Kb6 Ra1 60. Bb5 Nc8+ 61. Kc5 Na7 62. Bc4 Ra5+ 63. Kb4 Nc6+ 64. Kb3 Rc5 65. Bxf7 Nd4+ 66. Kb2 Rxc3 67. Kxc3 Nxf3 0-1

[Event "*** Titled Tuesday Blitz"]
[Site "Chess.com"]
[Date "2020.05.05"]
[Round "6"]
[White "DivyaDeshmukh23"]
[Black "Gennady_Kozlov"]
[Result "0-1"]
[WhiteElo "2405"]
[BlackElo "2588"]
[TimeControl "180+1"]
[EndTime "11:09:14 PDT"]
[Termination "Gennady_Kozlov won by resignation"]

1. e4 e6 2. d4 d5 3. Nd2 Nf6 4.
e5 Nfd7 5. Bd3 c5 6. c3 Nc6 7.
Ne2 Be7 8. O-O Qc7 9. f4 a6 10. Nf3 b5 11. f5 exf5 12. Bxf5 cxd4 13. cxd4 Nb6 14. Bxc8 Rxc8 15. Bf4 Qd7 16. Rc1 O-O 17.
Ng3 f6 18. exf6 Bxf6 19. b3 Qg4 20. Qd2 Nd7 21. Kh1 Ne7 22. Rxc8 Rxc8 23. Bd6 Nf5 24. Nxf5 Qxf5 25. Re1 Rc2 26. Qe3 Qe4 27. Qg1 Qg6 28. Ne5 Bxe5 29. dxe5 Nf8 30. Bxf8 Kxf8 31.
e6 Ke8 32. e7 Rc7 33. Qe3 Qf6 34. Qh3 Rxe7 35. Qc8+ Kf7 36. Rg1 Qe6 37. Rf1+ Kg6 38.
Qc2+ Qe4 39. Qc6+ Re6 40. Qc7 h6 41. Qf7+ Kh7 42. h3 d4 43. Qf2 d3 44. Rd1 Rf6 45. Qg3 Rg6 46. Qf2 a5 47. Re1 Qd5 48. Rd1 a4 49.
bxa4 bxa4 50. a3 Qb3 51. Qd2 Qxa3 52. Qxd3 Qxd3 53. Rxd3 Ra6 54. Ra3 Kg6 55. Kg1 Kf5 56. Kf2 Ke4 57. Ke2 Kd4 58. Kd2 Kc4 59. Kc2 Kb4 60.
Rg3 g5 61. Rg4+ Kc5 62. Rg3 a3 63. Kb1 a2+ 64. Ka1 Kd4 65. h4 Ra5 66. hxg5 hxg5 67. Rf3 Ke4 68. Rf1 Ke3 69. Rf3+ Ke2 70. Rf6 Ra4 71.
Rf5 g4 72. Rf6 Ke3 73. g3 Ke2 74. Rf2+ Kxf2 0-1

[Event "*** Titled Tuesday Blitz"]
[Site "Chess.com"]
[Date "2020.05.05"]
[Round "6"]
[White "eljanov"]
[Black "vpsetter"]
[Result "0-1"]
[WhiteElo "2936"]
[BlackElo "2643"]
[TimeControl "180+1"]
[EndTime "11:09:15 PDT"]
[Termination "vpsetter won on time"]

1. Nf3 Nf6 2. g3 d5 3. Bg2 g6 4.
d4 Bg7 5. O-O O-O 6. c4 c6 7.
Qb3 b6 8. Nc3 Ba6 9. cxd5 cxd5 10. Ne5 e6 11. Bf4 Nfd7 12. Qa4 Nxe5 13. Bxe5 Bxe5 14.
dxe5 Qd7 15. Qf4 Nc6 16. Rfd1 Qc7 17. Qa4 Bb7 18. f4 a6 19. Rac1 b5 20. Qc2 Qb6+ 21.
Kh1 Rac8 22. Qd2 Na5 23. b3 Bc6 24. e3 b4 25. Ne2 Nb7 26. Nd4 a5 27. Rc2 Bd7 28. Rdc1 Rxc2 29. Rxc2 Rc8 30. g4 Rxc2 31. Qxc2 Qc5 32. Kg1 Qxc2 33. Nxc2 Bb5 34. Nd4 Bd3 35. Bf1 Bb1 36. Kf2 Nc5 37. Be2 Bxa2 38. Bd1 Ne4+ 39. Ke1 Nc3 40. Bc2 Bb1 41. Bxb1 Nxb1 42. Nc6 Nc3 43.
Nxa5 Ne4 44. Ke2 Nc5 45. Kd2 Kf8 46. Kc2 Ke8 47. Nc6 Ne4 48. Nxb4 Nf2 49. g5 Ng4 50. Kd3 Nxh2 51. Nc6 Kd7 52. Nd4 Ng4 53. b4 h6 54.
gxh6 Nxh6 55. b5 Kc7 56. Nc6 Kb6 57. Nd4 Nf5 58. Nc6 Kxb5 59. Nd8 Nh6 60. e4 dxe4+ 61. Kxe4 Kb6 0-1

[Event "*** Titled Tuesday Blitz"]
[Site "Chess.com"]
[Date "2020.05.05"]
[Round "6"]
[White "PSvidler"]
[Black "Volovier"]
[Result "1-0"]
[WhiteElo "3045"]
[BlackElo "2715"]
[TimeControl "180+1"]
[EndTime "11:09:15 PDT"]
[Termination "PSvidler won on time"]

1. e4 d5 2. exd5 Qxd5 3. Nf3 Bg4 4. Be2 Nf6 5. h3 Bxf3 6. Bxf3 Qe5+ 7. Kf1 Nc6 8. c3 Qe6 9. Qb3 Qxb3 10. axb3 e6 11. d4 a5 12. Nd2 Nd5 13. Nc4 Be7 14.
b4 b6 15. b5 Na7 16. Ne5 f6 17. Nd3 Rd8 18. c4 Nb4 19. Nxb4 Bxb4 20. Be3 O-O 21.
Ke2 Nc8 22. Rhc1 Ne7 23. g4 e5 24. dxe5 fxe5 25. c5 bxc5 26. Rxc5 Ng6 27. Rxc7 Nf4+ 28. Bxf4 Rxf4 29. Rc2 e4 30. Bg2 Rdf8 31. Rf1 Rb8 32. Rc4 Rxb5 33. Bxe4 Rf6 34. f4 Rd6 35. Rc8+ Kf7 36.
Bxh7 Rc5 37. Rxc5 Bxc5 38. Bc2 Rb6 39. b3 Re6+ 40. Kd3 Re3+ 41. Kc4 Bb4 42. Bd3 Rxh3 43. g5 Bd2 44. Kd4 Ke6 45. Ke4 Re3+ 46. Kd4 Rh3 47. f5+ Kf7 48. Bc4+ Kf8 49. g6 Rh4+ 50. Kc5 Bg5 51. Rd1 Rf4 52. Be6 Be7+ 53. Kb5 Rb4+ 54. Kxa5 Rb8 55. Rd4 Bf6 56. Re4 Bd8+ 57. Ka6 Be7 58.
Bf7 Rb4 59. Bc4 Bc5 60. Re5 Be7 61. Rd5 Rb8 62. Rd7 Ke8 63. Ra7 Kd8 64. Bb5 Rc8 65. Rd7+ Ke8 66. f6 gxf6 67. Rc7+ 1-0

[Event "*** Titled Tuesday Blitz"]
[Site "Chess.com"]
[Date "2020.05.05"]
[Round "6"]
[White "leopato"]
[Black "Falia-p"]
[Result "0-1"]
[WhiteElo "2083"]
[BlackElo "2377"]
[TimeControl "180+1"]
[EndTime "11:09:15 PDT"]
[Termination "Falia-p won by checkmate"]

1. e4 c6 2. d4 d5 3. e5 c5 4. dxc5 e6 5. Be3 Nd7 6. Bb5 Qc7 7. Qd4 Ne7 8. b4 Nf5 9. Qc3 a6 10. Ba4 Be7 11. Nf3 O-O 12. a3 Nxe3 13. Qxe3 b6 14. cxb6 Nxb6 15. Bb3 Nc4 16. Qd4 a5 17. c3 axb4 18.
cxb4 f6 19. Bxc4 Qxc4 20. Qxc4 dxc4 21. exf6 Bxb4+ 22. Ke2 gxf6 23. Nbd2 Bxa3 24. Nxc4 Ba6 25. Nd2 Bb4 26. Rhc1 Rfd8 27. Ke3 Bxd2+ 28. Nxd2 Rd3+ 29. Ke2 Rd6+ 30. Ke1 Rad8 31. Nb3 Bb7 32. f3 Bd5 33. Nd4 R6d7 34. Ra6 Kf7 35. Rca1 Bc4 36. Ra7 Ke7 37.
Nc6+ Kd6 38. Nxd8 Rxd8 39. Rd1+ Bd5 40. Rd2 Rc8 41. Rxh7 Rc1+ 42. Kf2 Rb1 43. Kg3 f5 44. h4 Rb4 45. Rh8 Ke5 46. Kh2 Kf6 47. h5 Kg5 48. g4 fxg4 49. h6 gxf3 50. h7 Kg6 51. Rd1 Kg7 52. Rd8 Rb2+ 53. Kg3 Rg2+ 54. Kf4 Kxh7 55.
Rh1+ Kg6 56. Ke5 Re2+ 57. Kf4 f2 58. Rg8+ Kf7 59. Rgh8 Bxh1 60. Rxh1 Re1 61. Rh7+ Kg6 62. Rh8 f1=Q+ 63. Kg3 Re3+ 64. Kg4 Qf3+ 65. Kh4 Re4# 0-1

[Event "*** Titled Tuesday Blitz"]
[Site "Chess.com"]
[Date "2020.05.05"]
[Round "6"]
[White "Astaneh"]
[Black "leoduarte"]
[Result "0-1"]
[WhiteElo "2506"]
[BlackElo "2359"]
[TimeControl "180+1"]
[EndTime "11:09:20 PDT"]
[Termination "leoduarte won by resignation"]

1. e4 c5 2. Nf3 e6 3. Nc3 a6 4. a3 Nc6 5. Bc4 Nge7 6. O-O g6 7.
Re1 Bg7 8. d3 O-O 9. Bg5 h6 10.
Bh4 d6 11. Qd2 b5 12. Ba2 Bb7 13. Nd1 Qd7 14. Ne3 Ne5 15. Nxe5 dxe5 16. Ng4 g5 17. Bxg5 hxg5 18. Qxg5 Ng6 19. f4 exf4 20.
Nh6+ Bxh6 21. Qxh6 Qd4+ 22. Kh1 Qg7 23. Qg5 Qe5 24.
Qh6 Qxb2 25. Bb3 Qg7 26. Qg5 Kh7 27. Rf1 Qe5 28. Qg4 Kg7 29. Rf3 Rh8 30. g3 fxg3 31. Rxg3 Rh6 32. Rf1 Rah8 33. Rf2 f5 34. Qg5 Qf6 35.
Qf4 e5 36. Qxf5 Qxf5 37. Rxf5 Rxh2+ 38. Kg1 Rh1+ 39. Kf2 R1h2+ 40. Rg2 Rxg2+ 41. Kf1 Rg4 42. Rf7+ Kh6 43. Rxb7 Rf4+ 44. Ke1 Kg5 45. Kd2 Rh2+ 46. Kc3 Nh4 47. Rg7+ Kf6 48. Rf7+ Kg5 49. Re7 Nf3 50. Rg7+ Kh4 51. Rh7+ Kg3 52. Rg7+ Kf2 53. Ra7 Ke3 54.
Rxa6 Nd4 55. Rb6 Rff2 56. Kb2 Rxc2+ 57. Bxc2 Rxc2+ 58. Kb1 Kxd3 59. Rd6 Rc3 60. Kb2 b4 61.
axb4 cxb4 62. Rb6 Rc4 63. Rd6 Kxe4 64. Rd8 Kd3 65. Rh8 e4 66. Rh2 Rc2+ 67. Rxc2 Nxc2 68.
Kb3 Nd4+ 0-1

[Event "*** Titled Tuesday Blitz"]
[Site "Chess.com"]
[Date "2020.05.05"]
[Round "6"]
[White "nurgyulsalimova"]
[Black "VALPARAISO37"]
[Result "1-0"]
[WhiteElo "2584"]
[BlackElo "2395"]
[TimeControl "180+1"]
[EndTime "11:09:22 PDT"]
[Termination "nurgyulsalimova won on time"]

1. e4 e5 2. Nf3 Nc6 3. d4 exd4 4. Nxd4 Bc5 5. Be3 Qf6 6. c3 Nge7 7. Be2 O-O 8. O-O d5 9. Nxc6 Qxc6 10. Bxc5 Qxc5 11. Nd2 Be6 12. Nb3 Qb6 13. exd5 Bxd5 14. Bf3 Bxb3 15.
Qxb3 c6 16. Rfe1 Ng6 17. Rad1 Rfe8 18. Qc2 Rad8 19. Rxe8+ Rxe8 20. Be4 Qc7 21. g3 Qe7 22. Bd3 a5 23. h4 Qe5 24. Qb3 b5 25. a4 bxa4 26.
Qxa4 Qc5 27. Qc2 Nf8 28. Be4 h6 29. Qa4 Re6 30. Qd4 Qb5 31. Rd2 g6 32. Kg2 Nh7 33. Bf3 Nf6 34. Qd3 Qe5 35. Re2 Qd6 36. Qxd6 Rxd6 37. Re5 Nd5 38. c4 Nb4 39. Rxa5 Rd2 40. Ra8+ Kg7 41. b3 Rd3 42. Rb8 c5 43. Rc8 Rxb3 44. Rxc5 Rc3 45. Rc7 Nd3 46. Bd5 Ne5 47. Re7 Kf6 48. Re8 g5 49. h5 g4 50. Rh8 Kg7 51.
Re8 Nxc4 52. Re4 Nb6 53. Rxg4+ Kf6 54. Bf3 Nd7 55. Rf4+ Ke7 56. Bg4 Ne5 57. Re4 Kf6 58. Rf4+ Ke7 59. Bf5 Nc4 60. g4 Ne3+ 61. fxe3 Rc2+ 62.
Kg3 Re2 63. Re4+ Kf6 64. Kf3 Kg5 65. Kxe2 Kh4 66. Ra4 f6 67. Ra6 Kg5 68. Ra8 Kh4 69. Rg8 Kg3 70. Rg6 Kh4 71. Rxh6 Kg5 72. Rg6+ Kh4 73.
h6 Kg3 74. h7 1-0